 Dungeon Crawl Stone Soup version 0.30.1-9-gdf580d7c3d (webtiles) character file.

Game seed: 7956876238053252466

208 Ivernyr the Ruffian (level 5, -3/45 HPs)
             Began as a Ghoul Gladiator on Oct 4, 2023.
             Was an Initiate of Wu Jian.
             Slain by a gnoll
             ... wielding a +0 whip
             ... led by a gnoll sergeant
              (7 damage)
             ... on level 4 of the Dungeon.
             The game lasted 00:05:22 (2844 turns).

Ivernyr the Ruffian (Ghoul Gladiator)               Turns: 2844, Time: 00:05:23

Health: -3/45      AC:  5    Str: 20    XL:     5   Next: 86%
Magic:  4/4        EV: 12    Int:  3    God:    Wu Jian [......]
Gold:   260        SH:  0    Dex: 10    Spells: 4/4 levels left

rFire   . .          .
                       - Unarmed
rCold   + . .        (no shield)
rNeg    + + +        a - +0 leather armour
rPois   ∞            b - +0 helmet
rElec   .            (no cloak)
rCorr   .            (no gloves)
SInv    .            s - +0 pair of boots
Will    .....        (no amulet)
Stlth   +            (no ring)
HPRegen 0.00/turn    (no ring)
MPRegen 0.09/turn

%: no passive effects
@: inhibited regen
A: claws 1, cold resistance 1, negative energy resistance 3, inhibited
regeneration, torment resistance 2, devour on kill
a: Renounce Religion


You were on level 4 of the Dungeon.
You worshipped Wu Jian.
Wu Jian was noncommittal.
You visited 1 branch of the dungeon, and saw 4 of its levels.

You collected 260 gold pieces.

Inventory:

Missiles
 c - 3 throwing nets (quivered)
 d - a javelin
Armour
 a - a +0 leather armour (worn)
 b - a +0 helmet (worn)
 s - a +0 pair of boots (worn)
Jewellery
 r - an amulet of regeneration
Wands
 t - a wand of quicksilver (10)
 v - a wand of iceblast (13)
Scrolls
 e - a scroll of poison {unknown}
 f - a scroll of fear {unknown}
 i - 2 scrolls of vulnerability {unknown}
 j - 3 scrolls of identify {unknown}
 k - 3 scrolls of enchant armour {unknown}
 l - a scroll of teleportation {unknown}
 o - a scroll of noise {unknown}
 u - a scroll of fog {unknown}
 w - a scroll of acquirement {unknown}
Potions
 g - 2 potions of curing {unknown}
 h - 2 potions of cancellation {unknown}
 m - a potion of heal wounds {unknown}
 n - a potion of resistance {unknown}
 p - a potion of lignification {unknown}
 q - a potion of magic {unknown}


   Skills:
 + Level 3.5 Fighting
 - Level 1.7 Throwing
 + Level 2.0 Armour
 + Level 3.5 Dodging
 * Level 4.9 Unarmed Combat


You had 4 spell levels left.
You didn't know any spells.
Your spell library was empty.

Dungeon Overview and Level Annotations

Branches:
Dungeon (4/15)
 Temple: D:4-7

Altars:
Wu Jian

Shops:
D:4 [


Innate Abilities, Weirdness & Mutations

You are immune to poison.
You have sharp fingernails.
Your flesh is cold resistant. (rC+)
You are immune to negative energy. (rN+++)
You do not regenerate when monsters are visible.
You are immune to unholy pain and torment.
You thrive by killing the living.


Message History

You scratch the orc.
You kill the orc!
The Council accepts your kill.
Things that are here:
a +0 whip; a +0 chain mail As you open the door, it creaks loudly!
There is an open door here.
You open the door.
A gnoll sergeant and 2 gnolls come into view.
The gnoll sergeant shouts!
The gnoll shouts! x2
A gnoll comes into view. It is wielding a +0 club.
There are monsters nearby!
The gnoll shouts!
The gnoll barely misses you.
The gnoll sergeant hits you from afar with a +0 spear!
There is an open door here.
A gnoll comes into view. It is wielding a +0 whip.
The gnoll shouts!
There is an open door here.
You scratch the gnoll.
The gnoll is heavily wounded.
The gnoll misses you.
The gnoll sergeant hits you from afar with a +0 spear!
You closely miss the gnoll.
The gnoll is heavily wounded.
The gnoll barely misses you. The gnoll sergeant barely misses you.
You completely miss the gnoll.
The gnoll is heavily wounded.
The gnoll hits you with a +0 flail!
The gnoll sergeant hits you from afar with a +0 spear!
* * * LOW HITPOINT WARNING * * *
The gnoll barely misses you.
Unknown command.
The gnoll attacks as you move away! The gnoll barely misses you.
The gnoll hits you with a +0 whip.
* * * LOW HITPOINT WARNING * * *
The gnoll attacks as you move away! The gnoll hits you with a +0 whip.
* * * LOW HITPOINT WARNING * * *
The gnoll attacks as you move away! The gnoll hits you with a +0 whip!
You die...

#...)...#>#.########.#.#
##...................#.#
#...♣....#.....###....#
##.......#.....# ....#+#
#...#..##.....# .......
#.###..##.....# .......
#.###..##.....###.......
#....>........'gg....#
##########.#.@g.g###......#
#.......<#.#.....# .......
#.########.#.##### ....#.#
#.# #.#.. ....# # #.# #.###
##### #.# #.# #.#
#####'#### #.# #........#
#†# #........#


You could see a gnoll sergeant and 3 gnolls.

Vanquished Creatures
  A scorpion (D:4)
  Ijyb (D:3)
  3 gnolls (D:3)
  An adder (D:3)
  An ufetubus (D:4)
  A worm (D:2)
  3 dart slugs (D:1)
  5 orcs
  3 ball pythons
  7 bats
  6 endoplasms
  A giant cockroach (D:1)
  8 hobgoblins
  2 jackals (D:1)
  6 quokkas
  4 frilled lizards
  6 goblins
  5 kobolds
  7 rats
71 creatures vanquished.

Notes
Turn   | Place    | Note
-------+----------+-------------------------------------------
     0 | D:1      | Ivernyr the Ghoul Gladiator began the quest for the Orb.
     0 | D:1      | Reached XP level 1. HP: 17/17 MP: 0/0
    67 | D:1      | Reached XP level 2. HP: 17/25 MP: 1/1
   415 | D:1      | Reached XP level 3. HP: 30/30 MP: 2/2
   456 | D:1      | Reached skill level 1 in Armour
  1478 | D:2      | Found an ornate altar of the Wu Jian Council.
  1642 | D:2      | Became a worshipper of the Wu Jian Council
  1792 | D:2      | Reached skill level 4 in Unarmed Combat
  1792 | D:2      | Reached XP level 4. HP: 37/37 MP: 3/3
  2201 | D:3      | Noticed Ijyb
  2219 | D:3      | Killed Ijyb
  2220 | D:3      | Reached XP level 5. HP: 21/45 MP: 4/4
  2668 | D:4      | Found Nowi's Armour Emporium.
  2844 | D:4      | Slain by a gnoll

Illustrated notes

Levels and vault maps discovered:
D:1:      heliophobic_arrival_battle_scene, layout_basic
D:2:      minmay_door_path, layout_basic, basic_altar
D:3:      layout_rooms, minivault_19, minmay_fountain_box,
          guppyfry_early_orc_mine, uniq_ijyb
D:4:      layout_basic, serial_shops, nicolae_shop_crystal, serial_park_tiny_2,
          nicolae_ea-nasir_strikes_again, uniq_robin

Skill      XL: |  1  2  3  4  5 |
---------------+----------------+-----
Dodging        | 3 |  3.5
Armour         | 1 2 |  2.0
Unarmed Combat | 4 |  4.9
Fighting       | 3 |  3.5
Throwing       | |  1.7

Action                     |  1- 3 |  4- 6 || total
---------------------------+-------+-------++-------
  Melee: Unarmed           |   127 |    84 ||   211
         Punch             |     5 |     2 ||     7
Ability: Lunge             |     3 |    11 ||    14
   Stab: Sleeping          |       |     1 ||     1
 Armour: Leather armour    |    42 |    19 ||    61
  Dodge: Dodged            |    98 |    50 ||   148
